 Dungeon Crawl Stone Soup version 0.28.0-1-gb440e238dd (webtiles) character file.

Game seed: 7075686913273861864

644 joshe the Covert (level 7, 0/36 HPs)
             Began as a Vampire Necromancer on Feb 25, 2022.
             Was an Initiate of Dithmenos.
             Slain by a wight (15 damage)
             ... on level 4 of the Dungeon.
             The game lasted 00:30:32 (5445 turns).

joshe the Covert (Vampire Necromancer)              Turns: 5445, Time: 00:30:32

Health: 0/36       AC:  3    Str: 13    XL:     7   Next: 27%
Magic:  11/11      EV: 16    Int: 20    God:    Dithmenos [......]
Gold:   187        SH:  0    Dex: 14    Spells: 8/12 levels left

rFire   . . .      SeeInvis +   j - +1 hunting sling (flame)
rCold   + + .      Faith    .   (no shield)
rNeg    + + +      Spirit   .   a - +0 robe
rPois   ∞          Reflect  .   (no helmet)
rElec   .          Harm     .   (no cloak)
rCorr   .          Rampage  .   r - +0 pair of gloves
Will    .....                   (no boots)
Stlth   ++++++....              (no amulet)
HPRegen 0.00/turn               f - +4 ring of evasion
MPRegen 0.12/turn               m - +6 ring of strength

@: bloodless, inhibited regen
A: bloodless, fangs 3, see invisible, vampiric 2
a: Bat Form, Revivify, Renounce Religion


You were on level 4 of the Dungeon.
You worshipped Dithmenos.
Dithmenos was noncommittal.
You visited 2 branches of the dungeon, and saw 5 of its levels.
You also visited: Sewer.

You collected 187 gold pieces.

Inventory:

Hand Weapons
 c - a +0 dagger
 j - a +1 hunting sling of flaming (weapon)
Missiles
 y - 4 sling bullets (quivered ammo)
Armour
 a - a +0 robe (worn)
 r - a +0 pair of gloves (worn)
 x - a +4 ring mail
Jewellery
 f - a +4 ring of evasion (left hand)
 m - a +6 ring of strength (right hand)
 B - a ring of flight
Scrolls
 b - 3 scrolls of noise {unknown}
 e - 2 scrolls of immolation {unknown}
 g - 4 scrolls of enchant armour {unknown}
 h - 5 scrolls of identify {unknown}
 i - a scroll of blinking {unknown}
 l - 2 scrolls of magic mapping {unknown}
 n - a scroll of fear {unknown}
 q - 2 scrolls of teleportation {unknown}
 t - a scroll of acquirement {unknown}
 v - a scroll of summoning {unknown}
 A - a scroll of fog {unknown}
Potions
 d - 3 potions of degeneration {unknown}
 k - a potion of ambrosia {unknown}
 o - a potion of curing {unknown}
 p - 2 potions of resistance {unknown}
 s - 2 potions of magic {unknown}
 u - a potion of haste {unknown}
 w - a potion of heal wounds {unknown}
 z - a potion of attraction {unknown}


   Skills:
 - Level 2.1 Dodging
 - Level 8.0 Stealth
 - Level 3.0 Spellcasting
 + Level 6.7 Necromancy
 - Level 3.0 Invocations


You had 8 spell levels left.
You knew the following spells:

 Your Spells              Type           Power      Damage    Failure   Level
a - Pain                  Necr           100%       1d9       1%          1
b - Vampiric Draining     Necr           29%        2d8       2%          3

Your spell library contained the following spells:

 Spells                   Type           Power      Damage    Failure   Level
 Animate Skeleton         Necr           58%        N/A       1%          1
 Animate Dead             Necr           14%        N/A       9%          4
 Agony                    Necr           29%        N/A       26%         5
 Simulacrum               Ice/Necr       8%         N/A       99%         6
 Death's Door             Necr           Unusable   N/A       N/A         9

Dungeon Overview and Level Annotations

Branches:
Dungeon (4/15)             Temple (1/1) D:4           Sewer (visited)

Altars:
Ashenzari
Cheibriados
Dithmenos
Fedhas
Gozag
Hepliaklqana
Kikubaaqudgha
Nemelex Xobeh
Okawaru
Qazlal
Ru
Uskayaw
Wu Jian
Xom
Yredelemnul
Zin
The Shining One

Annotations:
D:3 3 runed translucent doors, Anonymone's ghost, amateur DsVM; bayes525's ghost, amateur TrWr; belegose's ghost, amateur HOAK


Innate Abilities, Weirdness & Mutations

You do not regenerate when monsters are visible.
You are frail without blood (-20% HP).
You can heal yourself when you bite living creatures.
You are immune to poison.
You have razor-sharp teeth.
You have supernaturally acute eyesight. (SInv)
You are afflicted with vampirism and can become a bat while bloodless.


Message History

The ball python hisses angrily.
You shoot a sling bullet.
The sling bullet barely misses the white imp.
The sling bullet hits the ball python.
The sling bullet burns the ball python.
You kill the ball python!
Dithmenos accepts your kill. The white imp gestures at you.
The puff of frost hits you. You resist.
Casting: Vampiric Draining (dangerous; 2% risk of failure)
Confirm with . or Enter, or press ? or * to list all spells.
You can't see any susceptible monsters within range! (Use Z to cast anyway.)
You shoot a sling bullet. The sling bullet hits the white imp.
The sling bullet burns the white imp.
You kill the white imp!
Dithmenos accepts your kill. The wight barely misses you.
You shoot a sling bullet.
The sling bullet hits the wight but does no damage.
The wight is severely damaged.
The wight misses you.
You shoot a sling bullet.
The sling bullet hits the wight but does no damage.
The wight is severely damaged.
The wight hits you with a +0 morningstar!
You are too injured to fight recklessly!
You aren't carrying any items that you can evoke.
You are too injured to fight recklessly!
Fire: 6 sling bullets
Press: ? - help, Q - select action, (/) - cycle Shift-Dir - straight line, f/p - wight
Aim: a wight, wielding a +0 morningstar and wearing a +0 robe (severely damaged, 59% to hit)
You shoot a sling bullet.
The sling bullet closely misses the wight.
The wight misses you.
Fire: 5 sling bullets
Press: ? - help, Q - select action, (/) - cycle Shift-Dir - straight line, f/p - wight
Aim: a wight, wielding a +0 morningstar and wearing a +0 robe (severely damaged, 59% to hit)
You shoot a sling bullet.
The sling bullet closely misses the wight.
The wight hits you with a +0 morningstar!
You die...

#.#.....# #.###...##.# #..#
#.#.....### #.# ##.###.#####..#
#.'..>..'.###.####.≈≈≈≈...≈≈≈≈##
###.....#.........#≈##≈≈#.≈##≈≈#
#.....###.≈≈≈≈##.≈≈##≈≈≈≈≈##≈≈
#.....# #.≈##≈≈≈≈≈≈≈##########
####### #.≈≈##≈######
#.#≈≈###.#.#.#. #.##≈@z.≈.(((.#
#.#≈≈###.#.#.#. #.≈≈##≈######
#.≈##≈≈≈≈≈≈≈##########
#.≈≈≈≈###≈≈##≈≈≈≈≈≈≈≈# #######
#≈##≈≈####.≈## #≈≈≈≈......≈≈≈
##....####.... ###### #####


You could see a wight.

Vanquished Creatures
  A wyvern (D:4)
  An ogre (D:4)
  2 kobold brigands
  A hound (D:4)
  A jelly (D:4)
  An orc wizard (D:3)
  7 adders
  A white imp (D:4)
  An adder skeleton (D:4)
  3 worms
  4 dart slugs
  5 orcs (D:3)
  11 ball pythons
  11 bats
  11 endoplasms
  3 giant cockroaches
  10 goblins
  10 hobgoblins
  7 jackals
  2 quokkas
  3 frilled lizards
  12 kobolds
  14 rats
122 creatures vanquished.

Vanquished Creatures (others)
  2 withered plants (D:3)
2 creatures vanquished.

Grand Total: 124 creatures vanquished

Notes
Turn   | Place    | Note
-------+----------+-------------------------------------------
     0 | D:1      | joshe the Vampire Necromancer began the quest for the Orb.
     0 | D:1      | Reached XP level 1. HP: 13/13 MP: 3/3
   242 | D:1      | Reached XP level 2. HP: 17/19 MP: 0/5
   264 | D:1      | Reached skill level 5 in Necromancy
   654 | D:1      | Gained mutation: You are afflicted with vampirism and can
                  | become a bat while bloodless. [Vampire growth]
   654 | D:1      | Reached XP level 3. HP: 23/24 MP: 4/6
   658 | D:1      | Learned a level 3 spell: Vampiric Draining
  1728 | D:2      | Reached XP level 4. HP: 28/30 MP: 3/7
  2222 | D:2      | Found a faded altar of an unknown god.
  2893 | D:3      | Found an ornate altar of the Wu Jian Council.
  2907 | D:3      | Got the Papyrus of Necromancy
  2943 | D:3      | Reached skill level 4 in Stealth
  3031 | D:3      | Reached XP level 5. HP: 26/28 MP: 7/9
  3281 | D:3      | Found a runed translucent gate.
  3281 | D:3      | Found a runed translucent gate.
  3281 | D:3      | Found a runed translucent gate.
  3281 | D:3      | Noticed Anonymone's ghost (amateur DsVM)
  3281 | D:3      | Noticed belegose's ghost (amateur HOAK)
  3282 | D:3      | Noticed bayes525's ghost (amateur TrWr)
  3450 | D:4      | Reached skill level 5 in Stealth
  3459 | D:4      | Found a glowing drain.
  3470 | Sewer    | Entered a sewer
  3521 | Sewer    | Reached skill level 6 in Stealth
  3563 | Sewer    | Reached skill level 7 in Stealth
  3563 | Sewer    | Reached XP level 6. HP: 24/32 MP: 1/10
  4234 | D:4      | Found a staircase to the Ecumenical Temple.
  4255 | Temple   | Entered the Ecumenical Temple
  4405 | Temple   | Became a worshipper of Dithmenos the Shadowed
  4566 | D:4      | Reached skill level 8 in Stealth
  4651 | D:4      | Noticed a wyvern
  4766 | D:4      | Killed a wyvern
  5010 | D:4      | Reached XP level 7. HP: 20/36 MP: 3/11
  5445 | D:4      | Slain by a wight

Illustrated notes

Levels and vault maps discovered:
D:1:      psy_arrival_spokes, layout_loops_ring, serial_glass, glass_columns_a,
          glass_columns_a, glass_columns_a
D:2:      minmay_wonky_spiral, layout_loops_ring,
          nicolae_ecumenical_snake_handling, minmay_goblin_kobold_house
D:3:      layout_loops_ring, mainiacjoe_overflow_small_starburst,
          gammafunk_ghost_cemetery, minmay_misc_feat_alley
D:4:      layout_loops_ring, temple_green, cheibrodos_sewer_entry_sluice,
          minmay_manual_mullet
Temple:   compressed_dpeg_circular_temple

Skill      XL: |  1  2  3  4  5  6 |
---------------+-------------------+-----
Necromancy     | 5 6 |  6.7
Spellcasting   | 3 |  3.0
Stealth        | 4 7 8 |  8.0
Invocations    | 3 |  3.0
Dodging        | |  2.1

Action                   |  1- 3 |  4- 6 |  7- 9 || total
-------------------------+-------+-------+-------++-------
Melee: Dagger            |    11 |    51 |       ||    62
       Bite              |     1 |     2 |       ||     3
       Punch             |     1 |       |       ||     1
 Fire: Hunting sling     |       |       |    11 ||    11
 Cast: Pain              |    68 |    99 |     5 ||   172
       Vampiric Draining |     2 |     2 |     1 ||     5
 Abil: Exsanguinate      |     1 |     1 |       ||     2
 Stab: Sleeping          |     1 |    23 |       ||    24
Armor: Robe              |    13 |     3 |       ||    16
Dodge: Dodged            |    34 |    57 |     4 ||    95
